 Dungeon Crawl Stone Soup version 0.18-a0-1788-g92de1ac (webtiles) character file.

8836 ololoev the Destroyer (level 11, -11/54 HPs)
             Began as a Deep Elf Fire Elementalist on Apr 19, 2016.
             Was a High Priest of Vehumet.
             Mangled by a five-headed hydra (15 damage)
             ... on level 11 of the Dungeon.
             The game lasted 00:45:52 (14100 turns).

ololoev the Destroyer (Deep Elf Fire Elementalist) Turns: 14100, Time: 00:45:53

Health: -11/54     AC:  6    Str:  5    XL:     11   Next: 15%
Magic:  23/28      EV: 13    Int: 24    God:    Vehumet [*****.]
Gold:   379        SH:  0    Dex: 17    Spells: 5 memorised, 17 levels left

rFire  . . .     SeeInvis +     g - +4 rapier "Biumyopt" {vamp, rElec Dex+2}
rCold  . . .     Gourm    .     a - +0 robe
rNeg   . . .     Faith    .     (no shield)
rPois  .         Spirit   .     j - +1 hat
rElec  +         Dismiss  .     (no cloak)
rCorr  .         Reflect  .     v - +0 pair of gloves
SustAt .         Harm     .     i - +1 pair of boots
MR     +....                    A - amulet of regeneration
Stlth  ++........               (no ring)
                                E - ring of see invisible

@: somewhat resistant to hostile enchantments, unstealthy
A: no striking features
a: Renounce Religion

Inventory:

Hand Weapons
 g - the +4 rapier "Biumyopt" (weapon) {vamp, rElec Dex+2}
   (You found it on level 6 of the Dungeon)

   It inflicts no extra harm, but heals its wielder somewhat when it strikes a
   living foe.
   It affects your dexterity (+2).
   It insulates you from electricity.
Armour
 a - a +0 robe (worn)
 i - a +1 pair of boots (worn)
 j - a +1 hat (worn)
 v - a +0 pair of gloves (worn)
Jewellery
 A - an amulet of regeneration (around neck)
 E - a ring of see invisible (left hand)
Wands
 n - a wand of paralysis (9/24)
 r - a wand of lightning (3/15)
 B - a wand of paralysis (9/24)
 C - a wand of iceblast (4/15)
Scrolls
 d - a scroll of magic mapping {unknown}
 m - 3 scrolls of teleportation
 p - a scroll of immolation {unknown}
 t - a scroll of remove curse
 u - 2 scrolls of recharging
 w - 2 scrolls of fog
 x - 6 scrolls of amnesia {unknown}
 y - 4 scrolls of enchant armour
 D - a scroll of enchant weapon {unknown}
 H - 2 scrolls of torment {unknown}
Potions
 e - a potion of haste
 h - a potion of cure mutation
 k - a potion of curing
 q - 2 potions of resistance
 s - a potion of berserk rage
 z - 3 potions of flight
 F - a potion of lignification
Books
 b - a book of Flames

   Spells                             Type                      Level
   a - Flame Tongue                   Conjuration/Fire             1
   b - Throw Flame                    Conjuration/Fire             2
   c - Conjure Flame                  Conjuration/Fire             3
   d - Inner Flame                    Hexes/Fire                   3
   e - Sticky Flame                   Conjuration/Fire             4
   f - Fireball                       Conjuration/Fire             5
Comestibles
 c - 9 bread rations
 f - 2 meat rations
 l - 14 beef jerkies
 o - a slice of pizza
 G - a chunk of flesh


   Skills:
 - Level 2.4 Dodging
 - Level 2.4 Stealth
 + Level 11.6 Spellcasting
 * Level 13.1 Conjurations
 + Level 10.1 Fire Magic


You had 17 spell levels left.
You knew the following spells:

 Your Spells              Type           Power        Failure   Level  Hunger
a - Flame Tongue          Conj/Fire      #####        1%          1    None
b - Conjure Flame         Conj/Fire      ######..     1%          3    None
c - Sticky Flame          Conj/Fire      ######..     1%          4    None
d - Fireball              Conj/Fire      ######....   1%          5    ####...
e - Inner Flame           Hex/Fire       #####...     1%          3    None


You were on level 11 of the Dungeon.
You worshipped Vehumet.
Vehumet was extremely pleased with you.
You were not hungry.

You visited 2 branches of the dungeon, and saw 12 of its levels.

You collected 568 gold pieces.
You spent 189 gold pieces at shops.

#..# ####+## #.# #.## #.## #.#
#.# #..# #.# #.# ##.# #.# #.# #.#
###.## #.# #.# #....# #.#####
#########'### #....# ......#
#.<<........# #...>. ......#
#...[.@D....# #....# ......#
#...........# #....#
......#####.)....)....######....#
.........##...........#.........#
......##..'÷..........'.####....#
......#####...........### #....#
......# #...........# #....#
......# #...........# #....#
####### #...........# ######

Notes
Turn   | Place    | Note
--------------------------------------------------------------
     0 | D:1      | ololoev the Deep Elf Fire Elementalist began the quest for the Orb.
     0 | D:1      | Reached XP level 1. HP: 10/10 MP: 6/6
   329 | D:1      | Reached XP level 2. HP: 15/15 MP: 5/8
   491 | D:1      | Reached skill level 2 in Conjurations
   765 | D:2      | Reached XP level 3. HP: 19/19 MP: 8/10
   970 | D:2      | Learned a level 3 spell: Conjure Flame
  1191 | D:2      | Reached skill level 3 in Conjurations
  1191 | D:2      | Reached XP level 4. HP: 24/24 MP: 6/12
  1653 | D:3      | Noticed a giant frog
  1819 | D:3      | Killed a giant frog
  1819 | D:3      | Reached XP level 5. HP: 28/28 MP: 3/13
  1916 | D:3      | Noticed an ogre
  1949 | D:3      | Killed an ogre
  1949 | D:3      | Reached skill level 4 in Conjurations
  1968 | D:3      | Reached skill level 5 in Spellcasting
  2172 | D:3      | Learned a level 4 spell: Sticky Flame
  2178 | D:3      | Learned a level 5 spell: Fireball
  2664 | D:3      | Reached XP level 6. HP: 32/32 MP: 7/15
  3530 | D:4      | Reached skill level 5 in Conjurations
  3632 | D:4      | Found a sparkling altar of Nemelex Xobeh.
  3679 | D:4      | Noticed Ijustatesigmund's ghost (amateur TrHu)
  3689 | D:4      | jacquesderrida: лолиев ти пагиб
  3689 | D:4      | ololoev: да
  3689 | D:4      | ololoev: но там все равно ран запорот был
  3689 | D:4      | ololoev: я нарвался на клинок дисторта
  3689 | D:4      | ololoev: и полетал в далекие земли
  3707 | D:4      | Learned a level 3 spell: Inner Flame
  3708 | D:4      | Killed Ijustatesigmund's ghost
  3708 | D:4      | Reached skill level 5 in Fire Magic
  3708 | D:4      | Reached XP level 7. HP: 36/36 MP: 6/17
  3997 | D:4      | Reached skill level 6 in Conjurations
  4204 | D:4      | Found a bloodstained altar of Trog.
  4267 | D:5      | Entered Level 5 of the Dungeon
  4365 | D:5      | Found a burning altar of Makhleb.
  4498 | D:5      | Lost strength.
  4556 | D:5      | Lost strength.
  5391 | D:5      | Reached skill level 7 in Conjurations
  5408 | D:5      | Reached XP level 8. HP: 41/41 MP: 13/20
  5755 | D:5      | Noticed Nedvokis's ghost (amateur DrFE)
  5905 | D:5      | Killed Nedvokis's ghost
  6015 | D:5      | Reached skill level 8 in Conjurations
  6587 | D:6      | Got a translucent rapier
  6627 | D:6      | Found a staircase to the Ecumenical Temple.
  6635 | Temple   | Entered the Ecumenical Temple
  6649 | Temple   | Became a worshipper of Vehumet
  7421 | D:5      | Reached * piety under Vehumet
  7421 | D:5      | Offered knowledge of Shock by Vehumet.
  7635 | D:5      | Reached skill level 9 in Conjurations
  8259 | D:6      | Reached XP level 9. HP: 45/45 MP: 17/23
  8562 | D:6      | Offered knowledge of Sting by Vehumet.
  8565 | D:6      | Reached ** piety under Vehumet
  9108 | D:7      | Reached skill level 10 in Conjurations
  9269 | D:7      | Found a blossoming altar of Fedhas.
  9859 | D:7      | Offered knowledge of Ignite Poison by Vehumet.
 10045 | D:8      | Reached skill level 11 in Conjurations
 10069 | D:8      | Reached *** piety under Vehumet
 10230 | D:8      | Found a radiant altar of Vehumet.
 10253 | D:8      | Reached XP level 10. HP: 50/50 MP: 20/25
 10328 | D:8      | Found an ancient bone altar of Kikubaaqudgha.
 10370 | D:8      | Found an iron altar of Okawaru.
 10606 | D:8      | Found Pacismom's Assorted Antiques.
 10613 | D:8      | Bought a sharpened bone wand for 108 gold pieces
 10613 | D:8      | Bought a scroll of remove curse for 81 gold pieces
 10619 | D:8      | Identified the +4 rapier "Biumyopt" {vamp, rElec Dex+2} (You found it on level 6 of the Dungeon)
 10752 | D:8      | Offered knowledge of Throw Icicle by Vehumet.
 10753 | D:8      | Reached skill level 10 in Spellcasting
 11128 | D:9      | Found a staircase to the Orcish Mines.
 11139 | D:9      | Reached **** piety under Vehumet
 11572 | D:9      | Reached skill level 12 in Conjurations
 11662 | D:9      | Offered knowledge of Bolt of Magma by Vehumet.
 12276 | D:10     | Entered Level 10 of the Dungeon
 12665 | D:10     | Noticed a gargoyle
 12670 | D:10     | Killed a gargoyle
 13242 | D:10     | Noticed a green ugly thing
 13249 | D:10     | Killed a green ugly thing
 13478 | D:10     | Reached XP level 11. HP: 54/54 MP: 28/28
 13689 | D:10     | Reached ***** piety under Vehumet
 13702 | D:11     | Offered knowledge of Irradiate by Vehumet.
 13706 | D:11     | Noticed a hill giant
 13712 | D:11     | Killed a hill giant
 13712 | D:11     | Reached skill level 10 in Fire Magic
 13967 | D:11     | Noticed a red ugly thing
 14074 | D:11     | Noticed a five-headed hydra
 14074 | D:11     | Noticed a hill giant
 14079 | D:11     | Killed a hill giant
 14079 | D:11     | Reached skill level 13 in Conjurations
 14080 | D:11     | Noticed Nergalle
 14100 | D:11     | Mangled by a five-headed hydra

Dungeon Overview and Level Annotations

Branches:
Dungeon (11/15)            Temple (1/1) D:6             Orc (0/2) D:9
   Lair: D:8-11

Altars:
Ashenzari
Cheibriados
Dithmenos
Elyvilon
Fedhas
Gozag
Kikubaaqudgha
Makhleb
Nemelex Xobeh
Okawaru
Pakellas
Qazlal
Ru
Sif Muna
Trog
Vehumet
Xom
Yredelemnul
Zin
The Shining One

Shops:
D:8 *

Annotations:
D:11 Nergalle


Message History

There is an open door here.
There is a stone staircase leading down here.
You climb downwards.
There is a stone staircase leading up here.
You open the door.
There is an open door here.
Some of the chunks of flesh in your inventory have rotted away.
There is an open door here.
You open the door.
There is an open door here.
Found a stone staircase leading down.
There is a stone staircase leading down here.
You open the door.
A hydra, 2 killer bees and a hill giant come into view.
The five-headed hydra roars!
The killer bee buzzes angrily.
The hill giant shouts!
The killer bee buzzes angrily.
You hear a screech!
You hear a horrible gurgling sound!
You hear a bark!
The killer bee moves out of view.
The five-headed hydra moves out of view.
Found 12 gold pieces.
A killer bee comes into view.
Casting: Flame Tongue
Confirm with . or Enter, or press ? or * to list all spells.
Aiming: Conjure Flame
Press: ? - help, Dir - move target cursor The fire roars!
Casting: Conjure Flame
Confirm with . or Enter, or press ? or * to list all spells.
Aiming: Sticky Flame
Press: ? - help, Shift-Dir - straight line, f - hill giant
Aim: a hill giant, wielding a giant spiked club (flame)
The sticky flame hits the hill giant.
The hill giant is lightly wounded.
The hill giant is covered in liquid flames!
The hill giant burns!
The hill giant is engulfed in roaring flames.
The hill giant misses you.
Unknown command.
Read which item? (? for menu, Esc to quit)
Okay, then.
You hit the hill giant.
The hill giant is moderately wounded.
The hill giant burns! x2
The hill giant is engulfed in roaring flames.
The hill giant hits you with a giant spiked club!!
Unknown command.
You hit the hill giant.
The hill giant is almost dead.
The hill giant burns!
The hill giant stops burning.
The hill giant is engulfed in roaring flames.
You kill the hill giant!
Vehumet accepts your kill.
You feel your power returning.
Your Conjurations skill increases to level 13!
Nergalle the Soulbinder comes into view.
She is wielding a dagger of venom.
The five-headed hydra is engulfed in roaring flames.
A hippogriff comes into view.
Read which item? (? for menu, Esc to quit)
Okay, then.
There is an open door here.
Casting: Sticky Flame
Confirm with . or Enter, or press ? or * to list all spells.
Aiming: Sticky Flame
Press: ? - help, Shift-Dir - straight line, f - five-headed hydra
Aim: a five-headed hydra The sticky flame hits the five-headed hydra.
The five-headed hydra is lightly wounded.
The five-headed hydra is covered in liquid flames!
The five-headed hydra burns!
The five-headed hydra bites you!
The five-headed hydra barely misses you.
The five-headed hydra bites you but does no damage.
The five-headed hydra bites you! x2
The five-headed hydra burns!
The five-headed hydra burns!
The five-headed hydra burns!
The five-headed hydra burns!
The five-headed hydra burns!
The five-headed hydra bites you!
The five-headed hydra bites you but does no damage.
The five-headed hydra bites you!
You die...

You could see a five-headed hydra (burning).

Vanquished Creatures
  2 hill giants (D:11)
  An ugly thing (D:10)
  A gargoyle (D:10)
  5 yaks (D:9)
  A wraith (D:10)
  2 hippogriffs
  The ghost of Nedvokis the Ducker, an amateur DrFE of Xom (D:5)
  A water moccasin (D:8)
  2 ice beasts
  An orc warrior (D:9)
  The ghost of Ijustatesigmund the Chucker, an amateur TrHu (D:4)
  A necrophage (D:8)
  2 sky beasts
  A swamp drake (D:9)
  2 wasps
  6 centaurs
  4 ogres
  A phantom (D:7)
  A crocodile (D:9)
  3 big kobolds
  6 giant frogs
  A gnoll sergeant (D:7)
  A water moccasin zombie (D:10)
  7 scorpions
  10 killer bees
  10 wights
  7 crimson imps
  A giant frog zombie (D:5)
  A quasit (D:8)
  2 centaur skeletons
  3 jellies
  10 orc wizards
  7 hounds
  7 orc priests
  2 giant frog skeletons
  3 iguanas
  A gnoll shaman (D:8)
  11 worker ants
  A worker ant zombie (D:9)
  12 adders
  16 gnolls
  4 shadow imps
  An adder zombie (D:8)
  2 adder skeletons (D:6)
  2 worms
  2 dart slugs
  13 giant geckos
  68 orcs
  7 bats
  4 giant cockroaches
  30 goblins
  34 hobgoblins
  9 jackals
  3 quokkas
  2 ball pythons
  7 giant newts
  16 kobolds
  5 rats
  2 plants (D:9)
369 creatures vanquished.

Action                   |  1- 3 |  4- 6 |  7- 9 | 10-12 || total
-------------------------+-------+-------+-------+-------++-------
Melee: Dagger            |     1 |     4 |   164 |       ||   169
       Morningstar       |       |       |    36 |     1 ||    37
       Rapier            |       |       |       |    77 ||    77
 Cast: Flame Tongue      |    59 |   104 |   175 |    91 ||   429
       Conjure Flame     |     1 |     7 |    14 |    14 ||    36
       Sticky Flame      |       |     2 |    28 |    18 ||    48
       Fireball          |       |     1 |    45 |    44 ||    90
       Inner Flame       |       |     1 |     1 |     2 ||     4
Evoke: Wand              |       |       |       |     2 ||     2
  Use: Potion            |       |       |     7 |       ||     7
       Scroll            |       |       |     8 |     6 ||    14
 Stab: Sleeping          |     1 |       |     2 |     1 ||     4
  Eat: Chunk             |     1 |     7 |    22 |    16 ||    46
       Royal jelly       |       |     1 |       |       ||     1
       Meat ration       |       |       |     2 |     1 ||     3
       Beef jerky        |       |       |     1 |       ||     1
       Fruit             |       |       |       |     2 ||     2
Armor: Robe              |     3 |     7 |    78 |    37 ||   125
Dodge: Dodged            |     7 |    17 |   184 |    58 ||   266

Vault maps used:
D:1:      lightli_arrival_boilingwater
D:2:      first_bread
D:4:      kennysheep_mini, lightli_temple_of_fire, kennysheep_big_empty_room,
          minmay_misc_feat_four_crosses
D:5:      minmay_goblin_kobold_castle, basic_altar
D:6:      minmay_temple_entry_crystal_x
D:7:      basic_altar, grunt_ogre_cave
D:8:      lemuel_crystal_altar, kennysheep_little_box, serial_shops,
          shop_fountains, kennysheep_diamond
D:9:      erik_orc_1, minmay_lizard_king
D:11:     erik_lair_dragon, uniq_nergalle
Temple:   lightli_temple_of_artemis
